 Dungeon Crawl Stone Soup version 0.29.0-4-gdea44cf6ec (webtiles) character file.

Game seed: 11979818570263516172

17 qw the Chopper (level 2, -5/24 HPs)
             Began as a Barachi Chaos Knight on Sept 4, 2022.
             Slain by a soul eater (17 damage)
             ... summoned by Xom
             ... on level 1 of the Dungeon.
             The game lasted 00:00:09 (418 turns).

qw the Chopper (Barachi Chaos Knight)                Turns: 418, Time: 00:00:10

Health: -5/24      AC:  5    Str: 13      XL:     2   Next: 62%
Magic:  2/2        EV: 11    Int: 12      God:
Gold:   24         SH:  0    Dex: 10 (11) Spells: 1/1 levels left

rFire   . . .      SeeInvis .   a - +0 hand axe (chaos)
rCold   . . .      Faith    .   (no shield)
rNeg    . . .      Spirit   .   b - +2 leather armour
rPois   .          Reflect  .   (no helmet)
rElec   .          Harm     .   (no cloak)
rCorr   .          Rampage  .   (no gloves)
Will    .....                   (no boots)
Stlth   +.........              (no amulet)
HPRegen 0.08/turn               (no ring)
MPRegen 0.08/turn               (no ring)

@: slow
A: amphibious, slowness 1, strong legs 1, +LOS
a: Hop


You were on level 1 of the Dungeon.
You visited 1 branch of the dungeon, and saw 1 of its levels.

You collected 24 gold pieces.


Innate Abilities, Weirdness & Mutations

You are amphibious.
You cover ground slowly.
You can hop short distances.
You have an extended range of vision and can be seen from far away.


   Skills:
 - Level 3.6 Fighting
 + Level 4.3 Axes
 - Level 2.4 Armour
 - Level 1.1 Dodging


You had one spell level left.
You didn't know any spells.
Your spell library was empty.

Inventory:

Hand Weapons
 a - a +0 hand axe of chaos (weapon)
 f - a +0 whip
Armour
 b - a +2 leather armour (worn)
Potions
 d - a potion of curing {unknown}
 e - a potion of cancellation {unknown}
 g - a potion of brilliance {unknown}
 h - a potion of might {unknown}
Miscellaneous
 c - a piece from Xom's chessboard (15/15)

Dungeon Overview and Level Annotations

Branches:
Dungeon (1/15)

Altars:


Message History

Enter note:
Enter note: "Fight to survive, mortal."
A quasit comes into view.
You barely miss the iron imp. You barely miss the ufetubus.
You hit the iron imp.
The iron imp is lightly wounded.
You hit the ufetubus. You burn the ufetubus.
You kill the ufetubus!
The ufetubus disappears in a puff of smoke!
You hit the iron imp but do no damage.
The iron imp appears confused.
The iron imp is lightly wounded.
You completely miss the quasit.
The iron imp closely misses the white imp.
The iron imp hits itself.
The quasit bites you.
The quasit claws you but does no damage.
The quasit barely misses you.
You strike the helpless iron imp from behind!
You hit the iron imp.
The iron imp seems to speed up.
The iron imp is severely wounded.
You miss the quasit. The quasit bites you. The quasit closely misses you. x2
The soul eater draws from the surrounding life force!
The quasit barely misses you.
The quasit claws you but does no damage. x2
The iron imp closely misses you.
You hit the iron imp but do no damage.
The iron imp is severely wounded.
You barely miss the quasit.
The quasit bites you but does no damage.
The quasit barely misses you. The quasit closely misses you.
You completely miss the iron imp.
The iron imp is severely wounded.
You barely miss the quasit. The quasit bites you.
You feel clumsy. The quasit barely misses you. The quasit misses you.
The iron imp hits you.
The soul eater draws from the surrounding life force!
Ouch! That really hurt!
You die...

##########
#3.......#
#5######.# #@#
#.# #5#
####.##### ###
#5#
#........###.#
#.#
#.##.###.##...
#.###.##.#
#.#....
#.#......#
#.##...
#........#
#.....#
###.#.##.#
#####.#
#.#.##.# #.#


You could see a soul eater (summoned), an iron imp (summoned, fast, confused), a
quasit (summoned) and a white imp (summoned).

Vanquished Creatures
  A gnoll (D:1)
  3 hobgoblins (D:1)
  A kobold (D:1)
  A quokka (D:1)
  A rat (D:1)
7 creatures vanquished.

Notes
Turn   | Place    | Note
-------+----------+-------------------------------------------
     0 | D:1      | qw the Barachi Chaos Knight began the quest for the Orb.
     0 | D:1      | Reached XP level 1. HP: 18/18 MP: 1/1
     0 | D:1      | 0 ||| qw: Version: 0.1-a-102-g441f92d
     0 | D:1      | 0 ||| qw: Game counter: 5310
     0 | D:1      | 0 ||| qw: Always use a shield: true
     0 | D:1      | 0 ||| qw: God list: Okawaru
     0 | D:1      | 0 ||| qw: Allow faded altars: false
     0 | D:1      | 0 ||| qw: Do Orc after D:15 true
     0 | D:1      | 0 ||| qw: Do second Lair branch before Depths: true
     0 | D:1      | 0 ||| qw: Lair rune preference: random
     0 | D:1      | 0 ||| qw: Plans: Normal
     0 | D:1      | 0 ||| PLANNING D:1-11
     0 | D:1      | Fell from the grace of Xom
    62 | D:1      | Reached skill level 4 in Axes
    62 | D:1      | Reached XP level 2. HP: 24/24 MP: 2/2
   204 | D:1      | 204 ||| DROPPING +0 club.
   322 | D:1      | XOM: summons 1 hostile demon
   412 | D:1      | XOM: summons 5 hostile demons
   413 | D:1      | Noticed a soul eater
   418 | D:1      | Slain by a soul eater

Levels and vault maps discovered:
D:1:      dpeg_arrival_long_road, layout_loops_corners,
          shapermc_ecumenical_altar_flowoftime

Skill      XL: |  1 |
---------------+----+-----
Axes           | 4 |  4.3
Fighting       | |  3.6
Armour         | |  2.4
Dodging        | |  1.1

Action                   || total
-------------------------++-------
Melee: Hand axe          ||    28
Invok: Renounce Religion ||     1
 Stab: Confused          ||     1
Armor: Leather armour    ||     6
Dodge: Dodged            ||    18

Table legend:
 A = Non-vault XP
 B = Vault XP
 C = Vault XP percentage of total XP
 D = Non-vault monster count
 E = Vault monster count
 F = Vault count percentage of total count
                 A         B        C        D         E       F
            +---------+---------+-------+---------+---------+-------
      Total |      25 |       0 |   0.0 |       7 |       0 |   0.0
            +---------+---------+-------+---------+---------+-------
        D:1 |      25 |       0 |   0.0 |       7 |       0 |   0.0
            +---------+---------+-------+---------+---------+-------
